BSA
NASHVILLE G-STRINGS @ PORTLAND CARDS
08/29/2029
 
TOP OF THE 1ST
Nashville G-Strings batting - Pitching for Portland Cards : RHP Won-min Im
Pitching: RHP Won-min Im
Batting: RHB Jesús Cabrera 0-0: Swinging Strike
0-1: Ball
1-1: Swinging Strike
1-2: Foul Ball, location: 2F
1-2: Strikes out swinging
Batting: LHB Miguel Rivería 0-0: Ball
1-0: Ground out 4-3 (Groundball, 4)
Batting: RHB Sergio Márquez 0-0: Swinging Strike
0-1: Ball
1-1: SINGLE (Flyball, 78M)
Batting: SHB Ricardo Arévalo 0-0: Called Strike
0-1: Called Strike
0-2: Ground out 5-3 (Groundball, 56S)
Top of the 1st over - 0 runs, 1 hit, 0 errors, 1 left on base; Nashville 0 - Portland 0
BOTTOM OF THE 1ST
Portland Cards batting - Pitching for Nashville G-Strings : LHP Bill Moore
Pitching: LHP Bill Moore
Batting: LHB Troy Donaldson 0-0: Called Strike
0-1: Swinging Strike
0-2: Strikes out swinging
Batting: RHB Aaron Scott 0-0: Ball
1-0: Ground out 5-3 (Groundball, 56S)
Batting: LHB Jeff Daniels 0-0: Called Strike
0-1: Fly out, F8 (Flyball, 8LD)
Bottom of the 1st over - 0 runs, 0 hits, 0 errors, 0 left on base; Nashville 0 - Portland 0
TOP OF THE 2ND
Nashville G-Strings batting - Pitching for Portland Cards : RHP Won-min Im
Batting: RHB Eric Thompson 0-0: DOUBLE (Line Drive, 7LM)
Batting: LHB Robinson Fernández 0-0: DOUBLE (Line Drive, 78M)
Eric Thompson scores
Batting: RHB Greg King 0-0: Ball
1-0: Foul Ball, location: 2F
1-1: Swinging Strike
1-2: Ball
2-2: Strikes out swinging
Batting: RHB Wilfred Martin 0-0: Foul Ball, location: 2F
0-1: Ball
1-1: Ball
2-1: Ground out U3 (Groundball, 34)
Robinson Fernández to third
Batting: LHB Jesús Núñez 0-0: Ball
1-0: Fly out, F8 (Line Drive, 8LM)
Top of the 2nd over - 1 run, 2 hits, 0 errors, 1 left on base; Nashville 1 - Portland 0
BOTTOM OF THE 2ND
Portland Cards batting - Pitching for Nashville G-Strings : LHP Bill Moore
Batting: LHB Paul Mullins 0-0: Called Strike
0-1: SINGLE (Line Drive, 7)
Batting: RHB Peter Hensley 0-0: Ball
1-0: Ball
2-0: Ground out 6-3 (Groundball, 6MS)
Paul Mullins to second
Batting: LHB Chance Santry 0-0: SINGLE (Flyball, 7S)
Paul Mullins to third
Batting: RHB Mario Méndez 0-0: Fly out, F7 (Flyball, 7LM)
Runner from 3rd tags up, SCORES, throw made
Batting: RHB Jesús Gutiérrez 0-0: Fly out, F9 (Line Drive, 89M)
Bottom of the 2nd over - 1 run, 2 hits, 0 errors, 1 left on base; Nashville 1 - Portland 1
TOP OF THE 3RD
Nashville G-Strings batting - Pitching for Portland Cards : RHP Won-min Im
Batting: RHB Jesús Cabrera 0-0: Ball
1-0: Fly out, F9 (Line Drive, 9)
Batting: LHB Miguel Rivería 0-0: Ball
1-0: Ball
2-0: Called Strike
2-1: Ball
3-1: Foul Ball, location: 2F
3-2: Strikes out looking
Batting: RHB Sergio Márquez 0-0: Reached on error, E6 (Groundball, 6)
Batting: SHB Ricardo Arévalo 0-0: Ball
1-0: Ball
2-0: Called Strike
2-1: Foul Ball, location: 2F
2-2: Foul Ball, location: 2F
2-2: Fly out, F6 (Line Drive, 6M)
Top of the 3rd over - 0 runs, 0 hits, 1 error, 1 left on base; Nashville 1 - Portland 1
BOTTOM OF THE 3RD
Portland Cards batting - Pitching for Nashville G-Strings : LHP Bill Moore
Batting: RHB Willie Houk 0-0: Ball
1-0: Reached on error, E6 (Groundball, 6)
Batting: LHB Troy Donaldson 0-0: Called Strike
0-1: Ball
1-1: Ball
2-1: Foul Ball, location: 2F
2-2: Strikes out swinging
Batting: RHB Aaron Scott 0-0: Swinging Strike
0-1: Foul Ball, location: 2F
0-2: Foul Ball, location: 2F
0-2: Strikes out swinging
Batting: LHB Jeff Daniels 0-0: Called Strike
0-1: Foul Ball, location: 2F
0-2: Ball
1-2: Fielders Choice at 2nd, 6-4 (Groundball, 6)
Bottom of the 3rd over - 0 runs, 0 hits, 1 error, 1 left on base; Nashville 1 - Portland 1
TOP OF THE 4TH
Nashville G-Strings batting - Pitching for Portland Cards : RHP Won-min Im
Batting: RHB Eric Thompson 0-0: Foul Ball, location: 2F
0-1: SINGLE (Line Drive, 6MD)
Batting: LHB Robinson Fernández 0-0: Called Strike
0-1: Called Strike
0-2: Ball
1-2: Reached on error, E6 (Groundball, 6)
Eric Thompson to second
Batting: RHB Greg King 0-0: Ball
1-0: Fly out, F4 (Popup, 4MD)
Batting: RHB Wilfred Martin 0-0: Called Strike
0-1: Called Strike
0-2: Ball
1-2: Strikes out swinging
Batting: LHB Jesús Núñez 0-0: Ball
1-0: Ball
2-0: Foul Ball, location: 2F
2-1: Foul Ball, location: 2F
2-2: Ground out 4-3 (Groundball, 4D)
Top of the 4th over - 0 runs, 1 hit, 1 error, 2 left on base; Nashville 1 - Portland 1
BOTTOM OF THE 4TH
Portland Cards batting - Pitching for Nashville G-Strings : LHP Bill Moore
Batting: LHB Paul Mullins Error on foul ball, E7
0-1: Ball
1-1: Ball
2-1: Ground out 4-3 (Groundball, 4)
Batting: RHB Peter Hensley 0-0: Ball
1-0: Ball
2-0: SINGLE (Groundball, 56) (infield hit)
Batting: LHB Chance Santry 0-0: Foul Ball, location: 2F
0-1: SINGLE (Groundball, 4MD)
Peter Hensley to second
Batting: RHB Mario Méndez 0-0: Swinging Strike
0-1: Ground out 6-3 (Groundball, 6M)
Peter Hensley to third
Chance Santry to second
Batting: RHB Jesús Gutiérrez 0-0: Swinging Strike
0-1: Foul Ball, location: 2F
0-2: Foul Ball, location: 2F
0-2: SINGLE (Line Drive, 9S)
Peter Hensley scores
Chance Santry to third
Runner from 3rd tries for Home, SAFE, no throw
Batting: RHB Willie Houk 0-0: Called Strike
0-1: Foul Ball, location: 2F
0-2: Strikes out swinging
Bottom of the 4th over - 2 runs, 3 hits, 1 error, 1 left on base; Nashville 1 - Portland 3
TOP OF THE 5TH
Nashville G-Strings batting - Pitching for Portland Cards : RHP Won-min Im
Batting: RHB Jesús Cabrera 0-0: Swinging Strike
0-1: Called Strike
0-2: Strikes out swinging
Batting: LHB Miguel Rivería 0-0: Ball
1-0: Foul Ball, location: 2F
1-1: Foul Ball, location: 2F
1-2: Ball
2-2: Ground out 4-3 (Groundball, 4)
Batting: RHB Sergio Márquez 0-0: Called Strike
0-1: SINGLE (Groundball, 6MD)
Batting: SHB Ricardo Arévalo 0-0: Called Strike
0-1: Fly out, F8 (Flyball, 89D)
Top of the 5th over - 0 runs, 1 hit, 0 errors, 1 left on base; Nashville 1 - Portland 3
BOTTOM OF THE 5TH
Portland Cards batting - Pitching for Nashville G-Strings : LHP Bill Moore
Batting: LHB Troy Donaldson 0-0: Called Strike
0-1: Ball
1-1: Ball
2-1: Ball
3-1: Ground out 1-3 (Groundball, 13)
Batting: RHB Aaron Scott 0-0: Ball
1-0: Fly out, F9 (Flyball, 9S)
Batting: LHB Jeff Daniels 0-0: Ball
1-0: Called Strike
1-1: Fly out, F8 (Flyball, 8LD)
Bottom of the 5th over - 0 runs, 0 hits, 0 errors, 0 left on base; Nashville 1 - Portland 3
TOP OF THE 6TH
Nashville G-Strings batting - Pitching for Portland Cards : RHP Won-min Im
Batting: RHB Eric Thompson 0-0: Ball
1-0: Ball
2-0: Foul Ball, location: 2F
2-1: Ball
3-1: Called Strike
3-2: Ground out 4-3 (Groundball, 4)
Batting: LHB Robinson Fernández 0-0: Called Strike
0-1: Ball
1-1: Swinging Strike
1-2: Ball
2-2: SINGLE (Groundball, 34D)
Batting: RHB Greg King 0-0: Ball
1-0: Called Strike
1-1: Ball
2-1: Fly out, F7 (Flyball, 7LDF)
Batting: RHB Wilfred Martin 0-0: Ball
1-0: Swinging Strike
1-1: Called Strike
1-2: Ball
2-2: Strikes out swinging
Top of the 6th over - 0 runs, 1 hit, 0 errors, 1 left on base; Nashville 1 - Portland 3
BOTTOM OF THE 6TH
Portland Cards batting - Pitching for Nashville G-Strings : LHP Bill Moore
Batting: LHB Paul Mullins 0-0: Called Strike
0-1: Fly out, F4 (Line Drive, 4MD)
Batting: RHB Peter Hensley 0-0: Ball
1-0: Ball
2-0: Foul Ball, location: 2F
2-1: Ball
3-1: Swinging Strike
3-2: Fly out, F8 (Flyball, 8LXD)
Batting: LHB Chance Santry 0-0: Ball
1-0: SINGLE (Flyball, 78S)
Batting: RHB Mario Méndez 0-0: Ball
1-0: Ball
2-0: Called Strike
2-1: Ball
3-1: Foul Ball, location: 2F
3-2: Foul Ball, location: 2F
3-2: Ground out 5-3 (Groundball, 56)
Bottom of the 6th over - 0 runs, 1 hit, 0 errors, 1 left on base; Nashville 1 - Portland 3
TOP OF THE 7TH
Nashville G-Strings batting - Pitching for Portland Cards : RHP Won-min Im
Batting: LHB Jesús Núñez 0-0: Ball
1-0: Swinging Strike
1-1: Swinging Strike
1-2: Ball
2-2: Strikes out swinging
Batting: RHB Jesús Cabrera 0-0: Swinging Strike
0-1: Ball
1-1: Ball
2-1: Foul Ball, location: 2F
2-2: SINGLE (Line Drive, 8LS)
Pitching: LHP José Garza
Batting: LHB Miguel Rivería 0-0: Ball
1-0: Called Strike
1-1: Foul Ball, location: 2F
1-2: Strikes out swinging
Batting: RHB Sergio Márquez 0-0: Fielders Choice at 2nd, 6-4 (Groundball, 6)
Top of the 7th over - 0 runs, 1 hit, 0 errors, 1 left on base; Nashville 1 - Portland 3
BOTTOM OF THE 7TH
Portland Cards batting - Pitching for Nashville G-Strings : LHP Bill Moore
Batting: RHB Jesús Gutiérrez 0-0: Ball
1-0: Swinging Strike
1-1: Foul Ball, location: 2F
1-2: Ground out 5-3 (Groundball, 56)
Batting: RHB Willie Houk 0-0: Ball
1-0: Ball
2-0: Fly out, F7 (Flyball, 7S)
Batting: LHB Troy Donaldson 0-0: Fly out, F9 (Flyball, 9LD)
Bottom of the 7th over - 0 runs, 0 hits, 0 errors, 0 left on base; Nashville 1 - Portland 3
TOP OF THE 8TH
Nashville G-Strings batting - Pitching for Portland Cards : LHP José Garza
Batting: SHB Ricardo Arévalo 0-0: Ball
1-0: Called Strike
1-1: Foul Ball, location: 2F
1-2: Ball
2-2: Ground out 3-1 (Groundball, 34S)
Batting: RHB Eric Thompson 0-0: Ball
1-0: Ground out U3 (Groundball, 34)
Batting: LHB Robinson Fernández 0-0: Ball
1-0: Ball
2-0: Ground out 4-3 (Groundball, 4)
Top of the 8th over - 0 runs, 0 hits, 0 errors, 0 left on base; Nashville 1 - Portland 3
BOTTOM OF THE 8TH
Portland Cards batting - Pitching for Nashville G-Strings : LHP Bill Moore
Batting: RHB Aaron Scott 0-0: Ball
1-0: Foul Ball, location: 2F
1-1: Foul Ball, location: 2F
1-2: SOLO HOME RUN (Flyball, 7LD), Distance : 327 ft
Batting: LHB Jeff Daniels 0-0: Ball
1-0: Ball
2-0: Called Strike
2-1: Called Strike
2-2: Strikes out swinging
Batting: LHB Paul Mullins 0-0: Ball
1-0: Swinging Strike
1-1: SINGLE (Groundball, 6D)
Batting: RHB Peter Hensley 0-0: Called Strike
0-1: Ball
1-1: Hit by Pitch
Paul Mullins to second
Pitching: LHP Raúl Sandoval
Batting: LHB Chance Santry 0-0: Ground out 5-3 (Groundball, 56S)
Paul Mullins to third
Peter Hensley to second
Batting: RHB Mario Méndez 0-0: Called Strike
0-1: Swinging Strike
0-2: Reached on error, E6 (Groundball, 6)
Paul Mullins scores
Peter Hensley to third
Batting: RHB Jesús Gutiérrez 0-0: Ball
1-0: Ball
2-0: Ball
3-0: Called Strike
3-1: Fly out, F4 (Line Drive, 4)
Bottom of the 8th over - 2 runs, 2 hits, 1 error, 2 left on base; Nashville 1 - Portland 5
TOP OF THE 9TH
Nashville G-Strings batting - Pitching for Portland Cards : LHP José Garza
Pitching: LHP Valentín Reséndez
Batting: RHB Greg King 0-0: Called Strike
0-1: Fly out, F8 (Flyball, 8LD)
Batting: RHB Wilfred Martin 0-0: Ball
1-0: Fly out, F9 (Flyball, 9)
Batting: LHB Jesús Núñez 0-0: Called Strike
0-1: Ball
1-1: Ground out 4-3 (Groundball, 4)
Top of the 9th over - 0 runs, 0 hits, 0 errors, 0 left on base; Nashville 1 - Portland 5
Saturday, December 16th, 2017 - OOTP Baseball 18.8 Build 76